 Dungeon Crawl Stone Soup version 0.27.1-4-g1640c2035a (webtiles) character file.

Game seed: 6822707236243434259

3 croobank the Digger (level 1, 0/10 HPs)
             Began as a Gargoyle Earth Elementalist on Nov 17, 2021.
             Slain by a quokka (2 damage)
             ... on level 1 of the Dungeon.
             The game lasted 00:02:02 (374 turns).

croobank the Digger (Gargoyle Earth Elementalist)    Turns: 374, Time: 00:02:03

Health: 0/10       AC:  5    Str: 11    XL:     1   Next: 50%
Magic:  2/3        EV: 12    Int: 15    God:
Gold:   0          SH:  0    Dex: 10    Spells: 3/4 levels left

rFire    . . .     SeeInvis .   (no weapon)
rCold    . . .     Faith    .   (no shield)
rNeg     + . .     Spirit   .   b - +0 robe
rPois    ∞         Reflect  .   (no helmet)
rElec    +         Harm     .   a - +0 cloak
rCorr    .         Rampage  .   (no gloves)
Will     .....                  (no boots)
Stlth    ++........             (no amulet)
HPRegen  0.03/turn              (no ring)
MPRegen  0.08/turn              (no ring)

@: no status effects
A: sickness immunity, AC +2, negative energy resistance 1, electricity
resistance, torment resistance 1, petrification resistance
a: no special abilities


You were on level 1 of the Dungeon.
You visited 1 branch of the dungeon, and saw 2 of its levels.

Inventory:

Missiles
 c - 24 stones
Armour
 a - a +0 cloak (worn)
 b - a +0 robe (worn)


   Skills:
 + Level 1.6 Dodging
 + Level 2.1 Stealth
 + Level 2.0 Spellcasting
 + Level 0.7 Transmutations
 + Level 3.9 Earth Magic


You had 3 spell levels left.
You knew the following spells:

 Your Spells              Type           Power      Damage    Failure   Level
a - Sandblast             Erth           26%        2d8       4%          1

Your spell library contained the following spells:

 Spells                   Type           Power      Damage    Failure   Level
 Passwall                 Tmut/Erth      6%         N/A       13%         2
 Stone Arrow              Conj/Erth      14%        3d7       30%         3
 Petrify                  Tmut/Erth      8%         N/A       65%         4


Dungeon Overview and Level Annotations

Branches:
Dungeon (2/15)

Altars:


Innate Abilities, Weirdness & Mutations

You are immune to sickness and miasma.
Your stone body is resilient. (AC +2)
You are immune to poison.
You resist negative energy. (rN+)
You are resistant to electric shocks. (rElec)
You are resistant to unholy torment.
You are immune to petrification.


Message History

Press: ? - help, Q - select action, (/) - cycle Shift-Dir - straight line, f - bat
Aim: a bat (69% to hit)
The blast of sand hits the bat!
You kill the bat!
The quokka bites you but does no damage.
You don't have enough magic to cast this spell.
You don't have enough magic to cast this spell.
You miss the quokka. The quokka bites you.
You closely miss the quokka. The quokka barely misses you.
The quokka bites you but does no damage.
You hit the quokka.
The quokka is moderately wounded.
The quokka bites you but does no damage.
You closely miss the quokka.
The quokka is moderately wounded.
The hobgoblin shouts!
The quokka bites you but does no damage.
You completely miss the quokka.
The quokka is moderately wounded.
The quokka closely misses you.
You hit the quokka.
The quokka is severely wounded.
The quokka barely misses you.
You barely miss the quokka.
The quokka is severely wounded.
The quokka bites you.
* * * LOW HITPOINT WARNING * * *
The quokka bites you but does no damage.
Found 20 arrows.
The quokka bites you but does no damage.
A kobold comes into view. It is wielding a +0 dagger.
The kobold shouts!
The quokka barely misses you.
The quokka bites you but does no damage.
Found a hand axe.
A goblin comes into view. It is wielding a +0 club.
The quokka barely misses you. The goblin barely misses you.
The quokka bites you.
You die...

#. ###......)...# ..
............# #.#
#..........# #.#
#..........#
#.#######..........#
#......lKg.....#
####...♣♣♣♣♣♣♣♣♣h.#
..##..♣..PP..PP♣rg#
#..#l.♣...P..PP♣@.##
......♣P...PP..♣....#
.(....♣PP...P..♣.......#
......♣..P.<.PP♣..###...
......♣..PP...P♣..# ##
......♣PP..P...♣..#
......♣PP..PP..♣..#
....#.♣♣♣♣♣♣♣♣♣...#
#####............##


You could see a quokka, a jackal and a goblin.

Vanquished Creatures
  2 jackals (D:1)
  A bat (D:1)
3 creatures vanquished.

Notes
Turn   | Place    | Note
-------+----------+-------------------------------------------
     0 | D:1      | croobank the Gargoyle Earth Elementalist began the quest
                  | for the Orb.
     0 | D:1      | Reached XP level 1. HP: 10/10 MP: 3/3
   374 | D:1      | Slain by a quokka

Illustrated notes

Levels and vault maps discovered:
D:1:      scummos_arrival_checkerplants, layout_rooms
D:2:      minmay_wonky_spiral, layout_basic, serial_shops,
          nicolae_shop_window_shopping, shop, nicolae_shop_statue_plus,
          nicolae_shop_trees

Action                   || total
-------------------------++-------
Melee: Unarmed           ||    19
 Cast: Sandblast         ||     6
Armor: Robe              ||    20
Dodge: Dodged            ||    34
